 Dungeon Crawl Stone Soup version 0.29.0-4-gdea44cf6ec (webtiles) character file.

Game seed: 17781237746437377726

86 apoch the Chopper (level 4, 0/39 HPs)
             Began as a Minotaur Fighter on Aug 27, 2022.
             Slain by Ijyb
             ... wielding a +0 club
              (2 damage)
             ... on level 2 of the Dungeon.
             The game lasted 00:02:19 (1174 turns).

apoch the Chopper (Minotaur Fighter)                Turns: 1174, Time: 00:02:20

Health: 0/39       AC:  9    Str: 22    XL:     4   Next: 27%
Magic:  3/3        EV:  7    Int:  5    God:
Gold:   61         SH:  0    Dex: 10    Spells: 3/3 levels left

rFire   . . .      SeeInvis .   a - +0 war axe
rCold   . . .      Faith    .   c - +0 buckler
rNeg    . . .      Spirit   .   i - +0 chain mail
rPois   .          Reflect  .   (helmet restricted)
rElec   .          Harm     .   (no cloak)
rCorr   .          Rampage  .   (no gloves)
Will    .....                   (no boots)
Stlth   ..........              (no amulet)
HPRegen 0.13/turn               (no ring)
MPRegen 0.08/turn               (no ring)

@: confused, mighty
A: horns 2, retaliatory headbutt
a: no special abilities


You were on level 2 of the Dungeon.
You visited 1 branch of the dungeon, and saw 2 of its levels.

You collected 61 gold pieces.

Inventory:

Hand Weapons
 a - a +0 war axe (weapon)
Armour
 b - a +0 scale mail
 c - a +0 buckler (worn)
 i - a +0 chain mail (worn)
Scrolls
 e - a scroll of poison {unknown}
 f - a scroll of identify {unknown}
 g - a scroll of fog {unknown}
 h - a scroll of blinking {unknown}


   Skills:
 - Level 3.6 Fighting
 + Level 5.5 Axes
 - Level 3.6 Armour
 - Level 3.6 Shields


You had 3 spell levels left.
You didn't know any spells.
Your spell library was empty.

Dungeon Overview and Level Annotations

Branches:
Dungeon (2/15)

Altars:

Annotations:
D:2 Ijyb


Innate Abilities, Weirdness & Mutations

You have a pair of horns on your head.
You reflexively headbutt those who attack you in melee.


Message History

The sling bullet hits you but does no damage.
The goblin hits you but does no damage. Ijyb hits you but does no damage.
The goblin hits you with a +0 club.
The goblin shoots a sling bullet.
The sling bullet hits you but does no damage.
You miss Ijyb. You closely miss the goblin. You slash the goblin!
You kill the goblin!
Ijyb hits you with a +0 club.
* * * LOW HITPOINT WARNING * * *
The goblin hits you but does no damage.
The goblin shoots a sling bullet.
The sling bullet hits you.
* * * LOW HITPOINT WARNING * * *
Ijyb hits you but does no damage.
The goblin shoots a sling bullet.
The sling bullet hits you but does no damage.
Things that are here:
a +0 dagger; a goblin corpse You barely miss Ijyb.
Your headbutt misses Ijyb. You hit the goblin.
You kill the goblin!
Ijyb zaps a wand.
Your will is overpowered!
You are more confused.
The goblin shoots a sling bullet.
The sling bullet hits you.
* * * LOW HITPOINT WARNING * * *
You miss Ijyb.
Ijyb zaps a wand.
Your will is overpowered!
You are more confused.
The goblin shoots a sling bullet.
The sling bullet barely misses you. Ijyb hits you but does no damage.
The goblin shoots a sling bullet.
The sling bullet hits you.
* * * LOW HITPOINT WARNING * * *
Unknown command.
You closely miss Ijyb. You headbutt Ijyb.
Ijyb is lightly wounded.
Ijyb zaps a wand.
You resist with some effort.
The goblin shoots a sling bullet.
The sling bullet barely misses you.
You're too confused to move!
Ijyb hits you with a +0 club.
* * * LOW HITPOINT WARNING * * *
The goblin shoots a sling bullet.
The sling bullet hits you but does no damage.
You closely miss Ijyb.
Ijyb is lightly wounded.
Ijyb hits you with a +0 club.
You die...

.. ..[ ...#
..###########
....8.8.8.8. #..........
#....g....? #.)@.......
#.))g.....? #..).......
###..8.8.8.8.
#....########
#.###.###.# ##.##
#.......#.###...##
#####.....[......#####.#
#.....##...........#


You could see Ijyb and a goblin.

Vanquished Creatures
  Jessica (D:2)
  A gnoll (D:1)
  An adder (D:2)
  3 dart slugs (D:1)
  2 ball pythons (D:1)
  2 endoplasms (D:1)
  2 giant cockroaches (D:1)
  9 goblins
  A hobgoblin (D:1)
  5 bats
  A frilled lizard (D:2)
  3 kobolds (D:1)
  6 rats
37 creatures vanquished.

Notes
Turn   | Place    | Note
-------+----------+-------------------------------------------
     0 | D:1      | apoch the Minotaur Fighter began the quest for the Orb.
     0 | D:1      | Reached XP level 1. HP: 19/19 MP: 0/0
    52 | D:1      | Reached skill level 3 in Axes
   272 | D:1      | Reached XP level 2. HP: 26/26 MP: 1/1
   456 | D:1      | Reached skill level 4 in Axes
   456 | D:1      | Reached XP level 3. HP: 25/31 MP: 2/2
   859 | D:2      | Noticed Jessica
   874 | D:2      | Killed Jessica
   875 | D:2      | Reached skill level 5 in Axes
   875 | D:2      | Reached XP level 4. HP: 27/39 MP: 3/3
  1155 | D:2      | Noticed Ijyb
  1174 | D:2      | Slain by Ijyb

Illustrated notes

Levels and vault maps discovered:
D:1:      eino_arrival_tree_alley, layout_loops_ring
D:2:      kennysheep_the_goblin_king, layout_loops_corners, uniq_jessica,
          uniq_crazy_yiuf_cottage

Skill      XL: |  1  2  3 |
---------------+----------+-----
Axes           | 3 4 5 |  5.5
Fighting       | |  3.6
Armour         | |  3.6
Shields        | |  3.6

Action                   |  1- 3 |  4- 6 || total
-------------------------+-------+-------++-------
Melee: War axe           |    58 |    18 ||    76
       Headbutt          |     6 |     1 ||     7
  Use: Potion            |       |     1 ||     1
Armor: Scale mail        |     8 |       ||     8
       Chain mail        |    22 |    36 ||    58
Dodge: Dodged            |    21 |    20 ||    41
Block: Buckler           |    11 |     7 ||    18
